 Dungeon Crawl Stone Soup version 0.32-a0-391-gce5c0aab1b (webtiles) character file.

Game seed: 11491583134534274222

44 seren the Charlatan (level 3, -5/27 HPs)
             Began as a Coglin Artificer on Feb 19, 2024.
             Slain by a gnoll
             ... wielding a +0 spear
              (8 damage)
             ... on level 1 of the Dungeon.
             The game lasted 00:01:37 (421 turns).

seren the Charlatan (Coglin Artificer)               Turns: 421, Time: 00:01:37

Health: -5/27      AC:  3    Str: 12    XL:     3   Next: 60%
Magic:  3/3        EV: 11    Int: 10    God:
Gold:   43         SH:  0    Dex: 16    Spells: 2/2 levels left

rFire   . . .        h - +0 short sword {Tae}
rCold   . . .        g - +0 short sword {Sagil-Zimu}
rNeg    . . .        b - +0 leather armour
rPois   .            (no helmet)
rElec   .            (no cloak)
rCorr   .            (no gloves)
SInv    .            (no boots)
Will    .....        (no amulet)
Stlth   ++           (no ring)
HPRegen 0.24/turn    (no ring)
MPRegen 0.08/turn

%: no passive effects
@: revved, stiff-legged, very slow
A: off-hand wielding, slow wielding, warmup strikes, warmup strides
a: no special abilities


You were on level 1 of the Dungeon.
You visited 1 branch of the dungeon, and saw 1 of its levels.

You collected 43 gold pieces.

Inventory:

Hand Weapons
 g - a +0 short sword (worn) {Sagil-Zimu}
 h - a +0 short sword (weapon) {Tae}
Armour
 b - a +0 leather armour (worn)
 f - a +0 ring mail
Wands
 c - a wand of flame (15) (quivered)
 d - a wand of charming (12)
 e - a wand of iceblast (5)
Scrolls
 a - a scroll of immolation {unknown}
 i - a scroll of noise {unknown}
 j - a scroll of blinking {unknown}


   Skills:
 + Level 1.6 Fighting
 + Level 0.6 Short Blades
 + Level 2.2 Armour
 + Level 1.4 Dodging
 + Level 1.2 Stealth
 + Level 4.3 Evocations


You had 2 spell levels left.
You didn't know any spells.
Your spell library was empty.

Dungeon Overview and Level Annotations

Branches:
Dungeon (1/15)

Altars:


Innate Abilities, Weirdness & Mutations

You can wield a second weapon in your off-hand.
It takes a long time for you to wield or remove held weapons.
Your first few attacks do less damage.
Your first movements take longer.


Message History

The gnoll is lightly wounded.
You barely miss the gnoll with your +0 short sword.
The gnoll hits you with a +0 spear!
* * * LOW HITPOINT WARNING * * *
The quokka bites you but does no damage.
You hit the gnoll with your +0 short sword.
The gnoll is heavily wounded.
You barely miss the gnoll with your +0 short sword.
The quokka bites you.
* * * LOW HITPOINT WARNING * * *
The gnoll hits you with a +0 spear.
* * * LOW HITPOINT WARNING * * *
You barely miss the gnoll with your +0 short sword.
The gnoll is heavily wounded.
You hit the gnoll with your +0 short sword.
The quokka bites you but does no damage.
The gnoll hits you with a +0 spear!
* * * LOW HITPOINT WARNING * * *
You hit the gnoll with your +0 short sword.
The gnoll is severely wounded.
You hit the gnoll but do no damage. The quokka closely misses you.
The gnoll hits you with a +0 spear.
* * * LOW HITPOINT WARNING * * *
The quokka bites you.
* * * LOW HITPOINT WARNING * * *
You aren't carrying any potions.
Aiming: Charm
Press: ? - help, Shift-Dir - straight line, f - gnoll
Aim: a gnoll, wielding a +0 spear (severely wounded, chance to affect: 68%)
The gnoll struggles to resist.
The gnoll barely misses you. The quokka closely misses you.
Aiming: Charm
Press: ? - help, Shift-Dir - straight line, p - gnoll The gnoll struggles to resist.
The gnoll closely misses you. The quokka barely misses you.
Aiming: Charm
Press: ? - help, Shift-Dir - straight line The gnoll struggles to resist.
The quokka misses you. The gnoll hits you with a +0 spear!
You die...

###### #.....
#.....
#....g###########
#....r@.........#
#.....#########.#
#.....
#........#####
#####.
#....>.........
#.
#........####.#
#. #........#
#... #.
#........####..#
#.
#......).(......
#.........#####.


You could see a gnoll and a quokka.

Vanquished Creatures
  A dart slug (D:1)
  2 bats (D:1)
  2 giant cockroaches (D:1)
  3 goblins (D:1)
  3 hobgoblins (D:1)
  2 kobolds (D:1)
  A quokka (D:1)
  3 ball pythons (D:1)
  3 frilled lizards (D:1)
  3 rats (D:1)
23 creatures vanquished.

Notes
Turn   | Place    | Note
-------+----------+-------------------------------------------
     0 | D:1      | seren the Coglin Artificer began the quest for the Orb.
     0 | D:1      | Reached XP level 1. HP: 15/15 MP: 1/1
    66 | D:1      | Reached skill level 1 in Dodging
    72 | D:1      | Reached skill level 1 in Stealth
    74 | D:1      | Reached XP level 2. HP: 20/21 MP: 2/2
   285 | D:1      | Reached XP level 3. HP: 26/26 MP: 3/3
   421 | D:1      | Slain by a gnoll

Illustrated notes

Levels and vault maps discovered:
D:1:      dpeg_arrival_brainrot, layout_basic,
          dreamdust_ecumenical_altar_drowned_temple

Skill      XL: |  1  2 |
---------------+-------+-----
Dodging        | 1 |  1.4
Stealth        | 1 |  1.2
Armour         | 2 |  2.2
Fighting       | |  1.6
Short Blades   | |  0.6
Evocations     | |  4.3

Action                     || total
---------------------------++-------
  Melee: Club              ||    48
         Short sword       ||    69
  Evoke: Wand              ||     3
 Armour: Leather armour    ||    48
  Dodge: Dodged            ||    55

Table legend: (Time is in decaauts)
 A = Elapsed time spent in this place.
 B = Non-inter-level travel time spent in this place.
 C = Inter-level travel time spent in this place.
 D = Time resting spent in this place.
 E = Time spent auto-exploring this place.
 F = Levels seen in this place.
 G = Mean time per level.
                   A        B        C        D        E       F      G
               +--------+--------+--------+--------+--------+-----+--------+
         Total |    460 |    460 |      0 |      0 |    216 |   1 |  460.0 |
       Dungeon |    460 |    460 |      0 |      0 |    216 |   1 |  460.0 |
               +--------+--------+--------+--------+--------+-----+--------+

Top non-repeatable levels by time:
     D:1: 460 daAuts
